 Dungeon Sprint DCSS version 0.21.1-1-g345015f (webtiles) character file.

2057 Fang the Cleaver (level 9, -8/91 HPs)
             Began as a Minotaur Berserker on Apr 26, 2018.
             Was the Champion of Trog.
             Mangled by an ironheart preserver
             ... wielding a +0 morningstar
              (11 damage)
             ... in the Dungeon (Sprint V: "Ziggurat Sprint").
             The game lasted 00:02:43 (384 turns).

Fang the Cleaver (Minotaur Berserker)                Turns: 384, Time: 00:02:44

Health: -8/91      AC: 18    Str: 36    XL:     9   Next: 5%
Magic:  17/17      EV: 12    Int:  4    God:    Trog [******]
Gold:   0          SH:  0    Dex: 10    Spells: 8/8 levels left

rFire    . . .     SeeInvis .   A - +10 hand axe of the Living Dead {chop, *Drain +Fly MP+9 Str+5}
rCold    . . .     Gourm    .   (no shield)
rNeg     . . .     Faith    .   j - +5 shadow dragon scales
rPois    .         Spirit   .   (helmet restricted)
rElec    .         Reflect  .   (no cloak)
rCorr    .         Harm     .   (no gloves)
MR       .....     NoTele   +   (no boots)
Stlth    +++.......             (no amulet)
HPRegen  0.25/turn              G - ring of flight
MPRegen  0.15/turn              F - +6 ring of strength

@: berserk cooldown, slowed, very slow
A: retaliatory headbutt, horns 2
a: Berserk, Trog's Hand, Brothers in Arms, Burn Spellbooks, Renounce Religion,
Evoke Flight


You were in the Dungeon.
You worshipped Trog.
Trog was exalted by your worship.
You were very hungry.

You visited 1 branch

Inventory:

Hand Weapons
 l - a +5 demon trident
 A - the +10 hand axe of the Living Dead (weapon) {chop, *Drain +Fly MP+9 Str+5}
   (You found it in the Dungeon)

   It inflicts extra damage upon your enemies.
   It affects your strength (+5).
   It affects your magic capacity (+9).
   It lets you fly.
   It causes draining when unequipped.
Armour
 j - +5 shadow dragon scales (worn)
Jewellery
 F - a +6 ring of strength (right hand)
 G - a ring of flight (left hand)
Wands
 x - a wand of disintegration (7)
 y - a wand of iceblast (7)
 z - a wand of acid (7)
Scrolls
 i - 4 scrolls of blinking
 m - 7 scrolls of fog
 n - a scroll of holy word
 o - 5 scrolls of identify
 p - 5 scrolls of remove curse
 q - 2 scrolls of fear
Potions
 d - 10 potions of curing
 e - 10 potions of heal wounds
 f - 6 potions of haste
 g - 7 potions of magic
 h - 3 potions of berserk rage
 r - 2 potions of brilliance
 s - 2 potions of invisibility
 t - 4 potions of resistance
 v - 5 potions of agility
 w - 5 potions of might
Comestibles
 a - 13 chunks of flesh
 c - 7 rations


   Skills:
 + Level 12.3 Fighting
 + Level 12.5(13.7) Axes
 + Level 10.0(12.5) Polearms
 + Level 7.9 Armour
 + Level 7.2 Dodging
 + Level 2.8 Stealth


You had 8 spell levels left.
You didn't know any spells.

Dungeon Overview and Level Annotations

Branches:
Dungeon (1/1)

Altars:
Ashenzari
Cheibriados
Dithmenos
Elyvilon
Fedhas
Gozag
Hepliaklqana
Kikubaaqudgha
Makhleb
Nemelex Xobeh
Okawaru
Qazlal
Ru
Sif Muna
Trog
Uskayaw
Vehumet
Wu Jian
Xom
Yredelemnul
Zin
The Shining One
Beogh
Jiyva
Lugonu

Annotations:
D 1 transporter


Innate Abilities, Weirdness & Mutations

You reflexively headbutt those who attack you in melee.
You have a pair of horns on your head.


Message History

The slime creature misses you. You furiously retaliate!
You headbutt the slime creature. The vault guard barely misses you.
You furiously retaliate!
You headbutt the vault guard.
You feel more experienced!
Your Fighting skill increases to level 12!
Your base Axes skill increases to level 12!
Your base Polearms skill increases to level 10!
Your Dodging skill increases to level 7!
Your Stealth skill gained 2 levels and is now at level 2!
You have reached level 9!
Your experience leads to an increase in your attributes!
Your base attributes are Str 24, Int 4, Dex 10.
Increase (S)trength, (I)ntelligence, or (D)exterity?
You feel stronger. The stone giant barely misses you. You furiously retaliate!
You headbutt the stone giant!
The stone giant hits you but does no damage.
The slime creature hits you but does no damage.
The ironheart preserver hits you with a morningstar!
You die...

▓........▓.▓.)..▓.▓
▓...©....▓...©....▓
▓▓▓▓▓▓▓▓▓▓▓▓▓▓▓▓▓▓▓
▓..8©8..▓ ▓..)))..▓
▓..[))..▓ ▓..p....▓
▓.CpJ...▓ ▓.C@p...▓
▓..(....▓ ▓.▓...▓.▓
▓...©...▓ ▓▓▓▓▓▓▓▓▓


You could see an ironheart preserver, 2 stone giants, 2 vault guards and a slime
creature.

Vanquished Creatures
  A large abomination (D)
  A jumping spider (D)
  A tarantella (D)
  A water moccasin (D)
  2 scorpions (D)
  A crimson imp (D)
  A quasit (D)
  An orc priest (D)
  An iron imp (D)
  An orc wizard (D)
  A river rat (D)
  An ufetubus (D)
  2 orcs (D)
  A jackal (D)
  2 ball pythons (D)
18 creatures vanquished.

Notes
Turn   | Place    | Note
-------+----------+-------------------------------------------
     0 | D        | Found the +6 Majin-Bo {vamp, Archmagi MP+6 Int+6}
     0 | D        | Found the +7 great mace "Firestarter" {inner flame, rF++}
     0 | D        | Fang the Minotaur Berserker began the quest for the Orb.
     0 | D        | Reached XP level 1. HP: 19/19 MP: 0/0
     3 | D        | Found a blossoming altar of Fedhas.
     4 | D        | Found a viscous altar of Jiyva.
     4 | D        | Found a hazy altar of Hepliaklqana.
     4 | D        | Found a transporter.
     4 | D        | Found an opulent altar of Gozag.
     4 | D        | Found an ancient bone altar of Kikubaaqudgha.
     4 | D        | Found a corrupted altar of Lugonu.
    12 | D        | Found a burning altar of Makhleb.
    14 | D        | Found a sacrificial altar of Ru.
    14 | D        | Found a stormy altar of Qazlal.
    14 | D        | Found a deep blue altar of Sif Muna.
    14 | D        | Found an iron altar of Okawaru.
    14 | D        | Found a bloodstained altar of Trog.
    14 | D        | Found a sparkling altar of Nemelex Xobeh.
    79 | D        | Entered arena 2.
    79 | D        | Found a transporter.
    82 | D        | Reached XP level 2. HP: 28/28 MP: 1/1
    88 | D        | Reached ** piety under Trog
    99 | D        | Entered arena 3.
    99 | D        | Noticed a water moccasin
    99 | D        | Found a transporter.
   104 | D        | Reached *** piety under Trog
   106 | D        | Killed a water moccasin
   106 | D        | Reached XP level 3. HP: 39/40 MP: 2/2
   106 | D        | Reached XP level 4. HP: 47/48 MP: 3/3
   272 | D        | Entered arena 4.
   272 | D        | Found a transporter.
   274 | D        | Reached XP level 5. HP: 53/53 MP: 4/4
   277 | D        | Reached **** piety under Trog
   277 | D        | Reached skill level 5 in Armour
   292 | D        | Got the ring of Vek Pyni {Str+2 SInv}
   294 | D        | Got the +10 hand axe of the Living Dead {chop, *Drain +Fly MP+9 Str+5}
   295 | D        | Reached ***** piety under Trog
   300 | D        | Entered arena 5.
   300 | D        | Noticed a tarantella
   300 | D        | Noticed a jumping spider
   300 | D        | Found a transporter.
   304 | D        | Reached skill level 5 in Polearms
   306 | D        | Killed a tarantella
   306 | D        | Reached skill level 10 in Fighting
   306 | D        | Reached XP level 6. HP: 66/66 MP: 5/5
   308 | D        | Reached skill level 10 in Axes
   308 | D        | Reached skill level 5 in Dodging
   310 | D        | Killed a jumping spider
   310 | D        | Reached XP level 7. HP: 68/73 MP: 6/6
   328 | D        | Entered arena 6.
   328 | D        | Noticed a large abomination
   328 | D        | Found a transporter.
   333 | D        | Killed a large abomination
   334 | D        | Reached XP level 8. HP: 83/83 MP: 7/7
   335 | D        | Received a gift from Trog
   341 | D        | Reached ****** piety under Trog
   341 | D        | Received a gift from Trog
   376 | D        | Entered arena 7.
   376 | D        | Noticed a stone giant
   376 | D        | Noticed a vault guard
   376 | D        | Noticed an ironheart preserver
   376 | D        | Noticed a stone giant
   376 | D        | Noticed a vault guard
   376 | D        | Noticed a slime creature
   377 | D        | Found the +2 shield of Resistance {rF+ rC+ MR+}
   378 | D        | Found a transporter.
   383 | D        | HP: 3/83 [stone giant (8)]
   384 | D        | Reached skill level 10 in Polearms
   384 | D        | Reached XP level 9. HP: 3/91 MP: 8/8
   384 | D        | Mangled by an ironheart preserver

Skill      XL: |  1  2  3  4  5  6  7  8 |
---------------+-------------------------+-----
Fighting       | 4 7 8 10 11 12 | 12.3
Axes           | 4 7 9 10 11 12 | 12.5
Armour         | 4 6 7 |  7.9
Polearms       | 3 4 6 8 9 10 | 10.0
Dodging        | 3 4 5 6 7 |  7.2
Stealth        | 2 |  2.8

Action                   |  1- 3 |  4- 6 |  7- 9 || total
-------------------------+-------+-------+-------++-------
Melee: Demon trident     |    10 |     4 |       ||    14
       Headbutt          |     1 |     3 |     1 ||     5
       Hand axe          |       |     8 |     8 ||    16
Invok: Berserk           |     1 |     1 |     2 ||     4
       Burn Spellbooks   |     1 |     1 |     1 ||     3
  Use: Potion            |       |       |     1 ||     1
  Eat: Chunk             |       |       |     1 ||     1
Armor: Shadow dragon sca |     9 |    15 |     6 ||    30
Dodge: Dodged            |     9 |     2 |     8 ||    19
